 Dungeon Crawl Stone Soup version 0.31.0-12-g77e489cdc1 (webtiles) character file.

Game seed: 9729855951665733154

366 Silvore the Slasher (level 6, -8/47 HPs)
             Began as a Demonspawn Fighter on Feb 12, 2024.
             Mangled by a gnoll
             ... wielding a +0 halberd
              (10 damage)
             ... on level 4 of the Dungeon.
             The game lasted 00:03:24 (3191 turns).

Silvore the Slasher (Demonspawn Fighter)            Turns: 3191, Time: 00:03:25

Health: -8/47      AC:  8    Str: 18    XL:     6   Next: 40%
Magic:  6/6        EV:  9    Int: 14    God:
Gold:   135        SH:  5    Dex: 15    Spells: 5/5 levels left

rFire   . . .        a - +0 long sword
rCold   . . .        c - +0 buckler
rNeg    . . .        b - +0 scale mail
rPois   .            (no helmet)
rElec   .            o - scarf {repulsion}
rCorr   .            l - +0 pair of gloves
SInv    .            (no boots)
Will    .....        (no amulet)
Stlth   +            k - +6 ring of intelligence
HPRegen 0.27/turn    j - ring of flight
MPRegen 0.10/turn

%: repel missiles
@: flying
A: thin skeletal structure 1, powered by pain 1
a: no special abilities


You were on level 4 of the Dungeon.
You visited 1 branch of the dungeon, and saw 4 of its levels.

You collected 135 gold pieces.

Inventory:

Hand Weapons
 a - a +0 long sword (weapon)
Armour
 b - a +0 scale mail (worn)
 c - a +0 buckler (worn)
 l - a +0 pair of gloves (worn)
 o - a scarf of repulsion (worn)
Jewellery
 f - a ring of wizardry
 j - a ring of flight (right hand)
 k - a +6 ring of intelligence (left hand)
Scrolls
 q - a scroll of teleportation {unknown}
Potions
 d - 2 potions of might
 e - a potion of brilliance
 g - a potion of berserk rage
 h - 2 potions of cancellation
 i - a potion of enlightenment {unknown}
 m - a potion of heal wounds {unknown}
 n - a potion of invisibility {unknown}
 p - a potion of attraction {unknown}


   Skills:
 + Level 3.5 Fighting
 + Level 4.4 Long Blades
 + Level 4.0 Armour
 + Level 1.1 Dodging
 + Level 0.3 Stealth
 + Level 3.4 Shields


You had 5 spell levels left.
You didn't know any spells.
Your spell library contained the following spells:

 Spells                   Type           Power      Damage    Failure   Level
 Dazzling Flash           Conj/Hex       0%         N/A       98%         3
 Volatile Blastmotes      Fire/Tloc      0%         2d10      98%         3
 Starburst                Conj/Fire      0%         6d3       100%        6
 Maxwell's Capacitive Co  Air            0%         ∞         100%        8


Dungeon Overview and Level Annotations

Branches:
Dungeon (4/15)
 Temple: D:4-7

Altars:
Cheibriados
Qazlal
Xom


Innate Abilities, Weirdness & Mutations

You have a somewhat thin skeletal structure. (Dex +2, Stealth+)
You sometimes gain a little power by taking damage.


Message History

You block the gnoll's attack. The gnoll hits you with a +0 spear.
You hit the gnoll.
The gnoll is moderately wounded.
The quokka bites you but does no damage.
The gnoll hits you with a +0 spear. You block the gnoll's attack.
You block the quokka's attack.
The gnoll hits you from afar with a +0 halberd!
The gnoll hits you but does no damage. The gnoll hits you with a +0 halberd!
You block the gnoll's attack. The adder closely misses you.
You see here a +0 flail.
You miss the adder. The adder bites you but does no damage.
The gnoll closely misses you. The adder bites you.
You are poisoned.
The adder poisons you!
You hit the adder.
The adder is heavily wounded.
You feel sick.
The gnoll hits you from afar with a +0 halberd.
* * * LOW HITPOINT WARNING * * *
The adder bites you but does no damage.
You closely miss the adder.
The adder is heavily wounded.
You feel sick. The adder barely misses you.
The gnoll hits you but does no damage. The adder closely misses you.
You slash the adder!
You kill the adder!
You feel sick.
The gnoll hits you from afar with a +0 halberd.
* * * LOW HITPOINT WARNING * * *
The gnoll barely misses you.
You feel sick.
You are no longer poisoned.
The gnoll closely misses you.
Things that are here:
a +0 flail; an adder corpse You hit the gnoll.
The gnoll is lightly wounded.
The gnoll hits you with a +0 halberd!
You die...

.#.#.##.# #......#.####
# #..#...#....# #.
#...._....#.# #..
#..#.#.#....##
#..#####......#.....##
##....... #.##.......##
........####............
#.rg@..............
##g####!##........#
#...............#......#
#.#....g.....####....###
#...........# .#.##
........###..# ...+
.#.......# #..# .#.#
...#.###.# #..# .# #.##.
.# #..# .#


You could see 2 gnolls and a quokka.

Vanquished Creatures
  Grinder (D:3)
  Jessica (D:3)
  A gnoll (D:4)
  6 adders
  5 ribbon worms
  4 orcs (D:4)
  6 ball pythons
  6 bats
  4 endoplasms
  A giant cockroach (D:2)
  4 goblins
  6 hobgoblins
  5 quokkas
  2 frilled lizards
  3 kobolds
  3 rats
58 creatures vanquished.

Notes
Turn   | Place    | Note
-------+----------+-------------------------------------------
     0 | D:1      | Silvore the Demonspawn Fighter began the quest for the Orb.
     0 | D:1      | Reached XP level 1. HP: 18/18 MP: 1/1
   610 | D:1      | Gained mutation: You sometimes gain a little power by
                  | taking damage. [demonic ancestry]
   610 | D:1      | Reached XP level 2. HP: 22/24 MP: 2/2
  1193 | D:2      | Reached XP level 3. HP: 17/29 MP: 3/3
  1249 | D:2      | Found a faded altar of an unknown god.
  1862 | D:3      | Reached XP level 4. HP: 27/35 MP: 4/4
  1953 | D:3      | Noticed Grinder
  1993 | D:3      | Killed Grinder
  1994 | D:3      | Reached skill level 1 in Dodging
  1994 | D:3      | Reached XP level 5. HP: 4/41 MP: 5/5
  1994 | D:3      | Gained mutation: You have a somewhat thin skeletal
                  | structure. (Dex +2, Stealth+) [demonic ancestry]
  1994 | D:3      | Reached XP level 6. HP: 4/47 MP: 6/6
  2158 | D:3      | Found a stormy altar of Qazlal.
  2440 | D:3      | Noticed Jessica
  2445 | D:3      | Killed Jessica
  2549 | D:3      | Found a shimmering altar of Xom.
  3158 | D:4      | Found a snail-covered altar of Cheibriados.
  3190 | D:4      | HP: 2/47 [poisoned by an adder]
  3191 | D:4      | Mangled by a gnoll

Illustrated notes

Levels and vault maps discovered:
D:1:      tekkud_arrival_beachfront_property, layout_basic,
          corexii_corridor_pit, minmay_fountain_box
D:2:      layout_loops_ring, nicolae_ecumenical_snake_handling
D:3:      layout_loops_ring, grunt_qazlal_sundering,
          nicolae_overflow_hidden_temple, kennysheep_jessica_study, uniq_grinder
D:4:      cheibrodos_greedy_goblins, layout_loops_ring,
          overflow_temple_1_default, nrook_mini_backslash,
          hangedman_minor_gate_pass, uniq_edmund

Skill      XL: |  1  2  3  4  5  6 |
---------------+-------------------+-----
Long Blades    | 2 4 |  4.4
Armour         | 3 4 |  4.0
Shields        | 3 |  3.4
Dodging        | 1 |  1.1
Fighting       | |  3.5
Stealth        | |  0.3

Action                     |  1- 3 |  4- 6 || total
---------------------------+-------+-------++-------
  Melee: Long sword        |    97 |   132 ||   229
    Use: Scroll            |     4 |     2 ||     6
   Stab: Sleeping          |       |     1 ||     1
 Armour: Scale mail        |    71 |    85 ||   156
  Dodge: Dodged            |    54 |    48 ||   102
         Repelled          |       |     2 ||     2
  Block: Buckler           |    34 |    30 ||    64
